 Dungeon Crawl Stone Soup version 0.31.0-10-gcf4a605ca0 (webtiles) character file.

Game seed: 10442211194065166083

114036 redpenguiin the Brawler (level 16, -18/98 (153) HPs)
             Began as a Troll Fighter on Jan 24, 2024.
             Was the Champion of Ru.
             Killed from afar by a will-o-the-wisp (27 damage)
             ... with a foxfire
             ... on level 2 of the Swamp on Jan 26, 2024.
             The game lasted 03:07:06 (25208 turns).

redpenguiin the Brawler (Troll Fighter)            Turns: 25208, Time: 03:07:08

HP:   -18/98 (153)  AC: 12    Str: 28    XL:     16   Next: 15%
MP:   15/15         EV: 18    Int:  6    God:    Ru [******]
Gold: 2239          SH: 18    Dex: 11    Spells: 15/15 levels left

rFire   . .          .
                       - Unarmed
rCold   . . .        b - +1 kite shield
rNeg    . . .        O - +0 troll leather armour
rPois   .            C - +2 hat
rElec   .            v - +2 cloak {rCorr}
rCorr   +            (gloves unavailable)
SInv    .            (boots unavailable)
Will    +....        Z - amulet of reflection
Stlth   +++          y - +5 ring of evasion
HPRegen 1.96/turn    l - +5 ring of evasion
MPRegen 0.14/turn

%: random rage (3%), reflection
@: very heavily drained
A: large, unfitting armour, claws 3, frail 1, regeneration 1, shaggy fur 1,
tough skin 1, hated by all, inability to train dodging, inability to train
armour, iridescent scales 1, berserk 1, clumsy 1
a: Renounce Religion, Draw Out Power, Power Leap, Apocalypse


You were on level 2 of the Swamp.
You worshipped Ru.
Ru was exalted by your worship.
You visited 5 branches of the dungeon, and saw 25 of its levels.
You also visited: Sewer and Gauntlet.

You collected 2681 gold pieces.
You spent 442 gold pieces at shops.

Inventory:

Hand Weapons
 Y - the +10 falchion "Beetleslayer" {heavy, ^Drain rPois rF+ Dex+2}
   (You took it off a minotaur in a Gauntlet)

   Dex+2:     It affects your dexterity (+2).
   rF+:       It protects you from fire.
   rPois:     It protects you from poison ^Drain: It drains your maximum health
   when unequipped.
Missiles
 F - 33 poisoned darts (quivered)
 L - a curare-tipped dart
 V - 19 boomerangs
Armour
 b - a +1 kite shield (worn)
 v - a +2 cloak of preservation (worn)
 C - a +2 hat (worn)
 O - a +0 troll leather armour (worn)
 T - a +0 tower shield
Jewellery
 f - a ring of see invisible
 h - a ring of willpower
 l - a +5 ring of evasion (right claw)
 q - a ring of flight
 y - a +5 ring of evasion (left claw)
 D - a ring of ice
 J - a +6 ring of intelligence
 Q - a ring of protection from fire
 Z - an amulet of reflection (around neck)
Talismans
 R - a maw talisman
 U - a dragon-blood talisman
Wands
 a - a wand of mindburst (10)
 e - a wand of digging (11)
 k - a wand of iceblast (31)
 G - a wand of flame (26)
 K - a wand of paralysis (10)
 S - a wand of quicksilver (2)
 W - a wand of polymorph (6)
Scrolls
 d - 10 scrolls of identify
 i - a scroll of revelation
 m - 3 scrolls of blinking
 n - 4 scrolls of noise
 p - 5 scrolls of immolation
 s - 3 scrolls of vulnerability
 t - 13 scrolls of teleportation
 w - 5 scrolls of poison
 x - 6 scrolls of fog
 A - 3 scrolls of enchant armour
 B - 3 scrolls of enchant weapon
 H - a scroll of torment {unknown}
 M - 5 scrolls of fear
 N - a scroll of amnesia {unknown}
Potions
 c - 2 potions of might
 g - 2 potions of haste
 j - a potion of berserk rage
 o - a potion of magic
 r - 3 potions of attraction
 u - 7 potions of curing
 z - 5 potions of enlightenment
 E - 4 potions of brilliance
 I - 5 potions of mutation
 P - 2 potions of cancellation
Miscellaneous
 X - a tin of tremorstones (2/2)


   Skills:
 * Level 13.9 Fighting
 + Level 6.3 Stealth
 * Level 14.8 Shields
 * Level 15.9 Unarmed Combat


You had 15 spell levels left.
You didn't know any spells.
Your spell library contained the following spells:

 Spells                   Type           Power      Damage    Failure   Level
 Foxfire                  Conj/Fire      0%         2x1d4     63%         1
 Kiss of Death            Conj/Necr      0%         2d5       63%         1
 Magic Dart               Conj           0%         1d3       63%         1
 Necrotise                Necr           0%         1d4       63%         1
 Blink                    Tloc           0%         N/A       77%         2
 Cigotuvi's Dreadful Rot  Necr/Alch/Air  0%         N/A       77%         2
 Lesser Beckoning         Tloc           0%         N/A       77%         2
 Momentum Strike          Conj/Tloc      0%         3d8       77%         2
 Searing Ray              Conj           0%         2d4       77%         2
 Confusing Touch          Hex            0%         N/A       94%         3
 Dazzling Flash           Conj/Hex       0%         N/A       94%         3
 Frozen Ramparts          Ice            0%         1d1       94%         3
 Inner Flame              Hex/Fire       0%         N/A       94%         3
 Mephitic Cloud           Conj/Alch/Air  0%         N/A       94%         3
 Vampiric Draining        Necr           0%         2d6       94%         3
 Volatile Blastmotes      Fire/Tloc      0%         2d10      94%         3
 Brom's Barrelling Bould  Conj/Erth      0%         2d3       100%        4
 Dispel Undead            Necr           0%         3d6       100%        4
 Flame Wave               Conj/Fire      0%         2d4       100%        4
 Fulminant Prism          Conj/Alch      0%         3d5       100%        4
 Ignite Poison            Fire/Alch      0%         N/A       100%        4
 Iskenderun's Mystic Bla  Conj/Tloc      0%         2d3       100%        4
 Leda's Liquefaction      Alch/Erth      0%         N/A       100%        4
 Passage of Golubria      Tloc           0%         N/A       100%        4
 Petrify                  Alch/Erth      0%         N/A       100%        4
 Sticky Flame             Fire/Alch      0%         2d4       100%        4
 Curse of Agony           Necr           0%         N/A       100%        5
 Fireball                 Conj/Fire      0%         3d3       100%        5
 Freezing Cloud           Conj/Ice/Air   0%         6-21      100%        5
 Iskenderun's Battlesphe  Conj           0%         2d6       100%        5
 Metabolic Englaciation   Hex/Ice        0%         N/A       100%        5
 Silence                  Hex/Air        0%         N/A       100%        5
 Yara's Violent Unravell  Hex/Alch       0%         3d3       100%        5
 Conjure Ball Lightning   Conj/Air       0%         3x3d6     100%        6
 Plasma Beam              Fire/Air       0%         2x1d10    100%        6
 Starburst                Conj/Fire      0%         6d3       100%        6
 Orb of Destruction       Conj           0%         9d5       100%        7
 Ozocubu's Refrigeration  Ice            0%         4d7       100%        7
 Polar Vortex             Ice            0%         N/A       100%        9
 Tukima's Dance           Hex            Unusable   N/A       N/A         3
 Martyr's Knell           Necr/Summ      Unusable   N/A       N/A         4
 Sculpt Simulacrum        Ice/Alch       Unusable   N/A       N/A         6

Dungeon Overview and Level Annotations

Branches:
Dungeon (15/15)            Temple (1/1) D:4            Lair (5/5) D:9
  Swamp (2/4) Lair:3        Snake (0/4) Lair:3        Slime (0/5) Lair:4
    Orc (2/2) D:10            Elf (0/3) Orc:2        Vaults (0/5) D:14
 Depths (0/4) D:15          Sewer (visited)         Gauntlet (visited)

Altars:
Ashenzari
Cheibriados
Dithmenos
Elyvilon
Gozag
Kikubaaqudgha
Makhleb
Nemelex Xobeh
Okawaru
Qazlal
Ru
Sif Muna
Trog
Uskayaw
Vehumet
Wu Jian
Xom
Zin
The Shining One

Shops:
D:1 *   D:13 (   Orc:2 *=?

Portals:
Abyss: Orc:2

Annotations:
D:15 Roxanne
Orc:2 2 transporters, Vadun's ghost, journeyman MiBe


Innate Abilities, Weirdness & Mutations

You are too large for most types of armour.
You have claws for hands.
You are frail. (-10% HP)
Your natural rate of healing is unusually fast.
You are covered in fur. (AC +1)
You have tough skin. (AC +1)
You are hated by all.
You cannot train Dodging skill.
You cannot train Armour skill.
You are partially covered in iridescent scales. (AC +2)
You sometimes lose your temper in combat.
You are clumsy. (Dex -2)


Message History

You kill the swamp worm!
You see here a swamp worm corpse.
Found a stone staircase leading down.
You enter the shallow water.
Found a stone staircase leading down.
You enter the shallow water.
You enter the shallow water.
Found a wand of polymorph (4).
You enter the shallow water.
You enter the shallow water.
W - a wand of polymorph (6) (gained 4 charges)
Found 5 stones.
You enter the shallow water.
Found 4 poisoned darts.
F - 33 poisoned darts (gained 4)
You enter the shallow water.
You enter the shallow water.
A will-o-the-wisp comes into view.
You enter the shallow water.
Found a glowing chain mail.
The will-o-the-wisp gives a chilling moan.
The will-o-the-wisp begins to attack, but is stunned by your conviction!
You enter the shallow water.
The will-o-the-wisp gestures.
The will-o-the-wisp conjures some marshlight! 2 foxfires come into view.
You closely miss the will-o-the-wisp. The foxfire hits you!!
The foxfire hits you!!!
You claw the will-o-the-wisp!
The will-o-the-wisp is lightly damaged.
You are engulfed in a cloud of scalding steam.
The will-o-the-wisp gestures.
The will-o-the-wisp conjures some marshlight! 2 foxfires come into view.
You claw the will-o-the-wisp!
The will-o-the-wisp is moderately damaged.
You are engulfed in a cloud of scalding steam.
* * * LOW HITPOINT WARNING * * *
The foxfire hits you!!
* * * LOW HITPOINT WARNING * * *
The foxfire hits you!!
You die...

♣♣♣ ♣♣♣♣♣ ..♣♣♣♣♣
♣♣♣♣..~♣♣ ♣♣♣
.§~...♣♣♣♣..♣~~.~♣♣♣[.♣♣
~~~§....~....~~~..~.~..♣
~~~§~.......~..~.§§~~~.♣
.~~~~.(.~§~...~.vv~§~.♣
~.~~~~~.~~~~....@§~§~.♣
~.§..~~~~~~~~~.~~~~~.♣♣
..♣♣.§~~~~~~~~~~~~~~~.♣
..~♣.§~~~~~§~~~~~~~~~.♣
~....~~~~~~~~~~~~~~~~.♣
~~~......~~~~..~~.~~.♣♣
~~~~....~♣♣♣♣♣♣♣♣~..~♣
~~~§~~..♣♣ ...♣♣
..>..~..♣♣


You could see a will-o-the-wisp.

Vanquished Creatures
  Saint Roka (Orc:2)
  Jorgrun (Orc:2)
  Rupert (D:13)
  9 slime creatures
  A reaper (Gauntlet)
  A stone giant (D:15)
  Azrael (Orc:2)
  A minotaur (Gauntlet)
  Josephine (Lair:5)
  Snorg (Lair:3)
  A fire dragon (Lair:5)
  8 vault guards (D:14)
  3 catoblepae
  7 hydras
  3 alligators
  A ghost crab (Swamp:1)
  5 two-headed ogres
  2 boulder beetles
  5 centaur warriors
  5 orc high priests (Orc:2)
  4 death yaks (Gauntlet)
  2 tengu warriors (D:15)
  A spriggan (Swamp:2)
  Nergalle (Lair:3)
  Urug (D:12)
  A skyshark (Lair:4)
  A skeletal warrior (D:12)
  A goliath frog (Swamp:2)
  A spriggan druid (Swamp:1)
  5 bog bodies
  A phantasmal warrior (Lair:4)
  2 swamp dragons
  8 orc knights
  A necromancer (Gauntlet)
  4 wolf spiders
  A shining eye (Gauntlet)
  An orc sorcerer (Orc:2)
  2 will-o-the-wisps
  3 manticores
  Maurice (D:8)
  A salamander (Lair:3)
  An oklob plant (Lair:2)
  3 cyclopes
  11 ugly things
  7 black mambas
  2 kobold blastminers (Orc:1)
  10 elephants
  A guardian serpent (Lair:5)
  3 gargoyles
  3 orange demons (D:13)
  19 cane toads
  4 efreet
  2 kobold demonologists
  6 komodo dragons
  5 rime drakes
  10 trolls
  3 polar bears
  A tyrant leech (Swamp:2)
  2 hellwings (Gauntlet)
  15 blink frogs
  5 hornets
  Grinder (D:5)
  A raiju (Gauntlet)
  7 dream sheep (Lair:5)
  32 yaks
  A shadow (D:11)
  13 wyverns
  A fire elemental (Orc:2)
  6 wraiths
  A human (Lair:4)
  2 golden eyes (Gauntlet)
  2 steam dragons
  A redback (Lair:5)
  7 basilisks
  4 wargs
  8 vampire mosquitoes
  Menkaure (D:7)
  4 swamp worms
  3 nagas (Lair:3)
  3 hell hounds (Orc:2)
  Edmund (D:5)
  25 water moccasins
  Duvessa (D:5)
  The ghost of ggggg the Magician, an amateur DEAl (D:3)
  2 swamp drakes
  A sky beast (D:7)
  35 orc warriors
  6 laughing skulls
  2 black bears
  3 ice beasts
  6 ogres
  12 wolves
  10 centaurs
  2 phantoms
  3 kobold brigands
  A brain worm (Sewer)
  2 gnoll sergeants
  7 bullfrogs
  5 scorpions
  5 wights (D:8)
  Dowan (D:5)
  10 killer bees
  6 electric eels
  7 howler monkeys
  6 lava snakes (D:10)
  37 orc priests
  13 hounds
  7 jellies
  4 sleepcaps
  10 iguanas
  10 orc wizards
  16 gnolls
  9 adders
  4 river rats
  3 shadow imps
  A white imp (D:6)
  3 dart slugs
  3 ribbon worms
  79 orcs
  11 endoplasms
  3 giant cockroaches
  8 goblins
  4 hobgoblins
  5 jackals
  19 kobolds
  6 quokkas
  11 ball pythons
  10 bats
  5 frilled lizards
  10 rats
763 creatures vanquished.

Vanquished Creatures (others)
  2 hydras
  A boulder beetle (D:13)
  A skeletal warrior (D:12)
  A deep elf pyromancer (D:13)
  A black mamba (Lair:5)
  A cane toad (Lair:3)
  A tyrant leech (Swamp:1)
  A slime creature (D:12)
  A yak (D:10)
  A steam dragon (Lair:5)
  A swamp worm (Swamp:1)
  A bullfrog (D:9)
  5 foxfires
18 creatures vanquished.

Grand Total: 781 creatures vanquished

Notes
Turn   | Place    | Note
-------+----------+-------------------------------------------
     0 | D:1      | redpenguiin the Troll Fighter began the quest for the Orb.
     0 | D:1      | Reached XP level 1. HP: 22/22 MP: 0/0
   266 | D:1      | Reached XP level 2. HP: 27/29 MP: 1/1
   462 | D:1      | Found Peresodd's Assorted Antiques.
   627 | D:2      | Found a faded altar of an unknown god.
   678 | D:2      | Reached XP level 3. HP: 36/36 MP: 2/2
  1407 | D:3      | Reached XP level 4. HP: 44/44 MP: 3/3
  1461 | D:3      | Found a sacrificial altar of Ru.
  1472 | D:3      | Found a snail-covered altar of Cheibriados.
  1481 | D:3      | Found a broken altar of Ashenzari.
  1489 | D:3      | Found a hazy altar of Hepliaklqana.
  1491 | D:3      | Identified the +6 chain mail of Pleasant Breezes {Will+
                  | Dex+4}
  1577 | D:3      | Became a worshipper of Ru the Awakened
  1722 | D:3      | Found a large runed translucent door.
  1722 | D:3      | Found a large runed translucent door.
  1725 | D:3      | Noticed ggggg's ghost (amateur DEAl)
  1752 | D:3      | Gained mutation: You are partially covered in iridescent
                  | scales. (AC +2) [potion of mutation]
  1752 | D:3      | Gained mutation: You sometimes lose your temper in combat.
                  | [potion of mutation]
  1762 | D:3      | Killed ggggg's ghost
  1763 | D:3      | Reached skill level 3 in Unarmed Combat
  1763 | D:3      | Reached XP level 5. HP: 52/53 MP: 4/4
  2518 | D:4      | Found a shimmering altar of Xom.
  2647 | D:4      | Found a staircase to the Ecumenical Temple.
  2665 | Temple   | Entered the Ecumenical Temple
  2942 | D:4      | Gained mutation: You are hated by all. [Ru sacrifice]
  2942 | D:4      | Reached * piety under Ru
  3098 | D:4      | Reached XP level 6. HP: 61/61 MP: 5/5
  3486 | D:5      | Entered Level 5 of the Dungeon
  3490 | D:5      | Noticed Grinder
  3499 | D:5      | Killed Grinder
  3500 | D:5      | Reached skill level 4 in Unarmed Combat
  3615 | D:5      | Reached XP level 7. HP: 68/68 MP: 6/6
  3702 | D:5      | Noticed Edmund
  3719 | D:5      | Killed Edmund
  3815 | D:5      | Noticed Duvessa
  3817 | D:5      | Noticed Dowan
  3832 | D:5      | Killed Duvessa
  3833 | D:5      | Reached skill level 5 in Shields
  3833 | D:5      | Reached skill level 5 in Unarmed Combat
  3833 | D:5      | Reached XP level 8. HP: 65/79 MP: 7/7
  3837 | D:5      | Killed Dowan
  4202 | D:5      | Found a glowing drain.
  4210 | Sewer    | Entered a sewer
  4718 | D:6      | Reached skill level 5 in Dodging
  4744 | D:6      | Reached skill level 5 in Fighting
  4918 | D:6      | Gained mutation: You cannot train Dodging skill. [Ru
                  | sacrifice]
  4918 | D:6      | Reached ** piety under Ru
  4918 | D:6      | Reached *** piety under Ru
  4982 | D:6      | Found an opulent altar of Gozag.
  5050 | D:6      | Found an ornate altar of the Wu Jian Council.
  5396 | D:7      | Noticed Menkaure
  5402 | D:7      | Killed Menkaure
  5403 | D:7      | Reached skill level 6 in Unarmed Combat
  5429 | D:7      | Noticed a hornet
  5450 | D:6      | Paralysed by a hornet for 1 turns
  5454 | D:6      | Killed a hornet
  5455 | D:6      | Reached XP level 9. HP: 43/88 MP: 8/8
  5685 | D:7      | Reached skill level 7 in Unarmed Combat
  5823 | D:7      | Found a flagged portal.
  5860 | D:7      | You fall into a shaft and drop 2 floors!
  5956 | D:9      | Reached skill level 8 in Unarmed Combat
  5956 | D:9      | Reached XP level 10. HP: 89/100 MP: 9/9
  6134 | D:8      | Found a radiant altar of Vehumet.
  6134 | D:8      | Found a sparkling altar of Nemelex Xobeh.
  6217 | D:8      | Noticed Maurice
  6248 | D:8      | Something stole 271 gold
  6250 | D:8      | Something stole a +6 ring of intelligence
  6252 | D:8      | Something stole 13 poisoned darts
  6253 | D:8      | Killed Maurice
  6329 | D:8      | Gained mutation: You are frail. (-10% HP) [Ru sacrifice]
  6329 | D:8      | Reached **** piety under Ru
  6376 | D:8      | Reached skill level 9 in Unarmed Combat
  7205 | D:9      | Found a staircase to the Lair.
  7283 | D:9      | Identified the +8 short sword of the Unliving {freeze, rN+
                  | Str+4 Dex-2}
  7361 | D:9      | Reached skill level 1 in Stealth
  7568 | D:10     | Entered Level 10 of the Dungeon
  7579 | D:10     | Noticed a two-headed ogre
  7596 | D:10     | Killed a two-headed ogre
  7597 | D:10     | Reached XP level 11. HP: 98/99 MP: 10/10
  8147 | D:10     | Found a staircase to the Orcish Mines.
  8655 | D:11     | Noticed a boulder beetle
  8828 | D:11     | Noticed a white ugly thing
  8839 | D:11     | Killed a white ugly thing
  8853 | D:11     | Reached skill level 10 in Unarmed Combat
  8931 | D:10     | Gained mutation: You cannot train Armour skill. [Ru
                  | sacrifice]
  8931 | D:10     | Reached ***** piety under Ru
  8931 | D:10     | Reached ****** piety under Ru
  8990 | D:12     | Noticed a soul eater
  9152 | D:12     | Noticed a two-headed ogre
  9174 | D:12     | Killed a two-headed ogre
  9175 | D:12     | Noticed a skeletal warrior
  9199 | D:12     | Killed a skeletal warrior
  9327 | D:12     | Reached skill level 10 in Shields
  9517 | D:12     | Noticed a two-headed ogre
  9524 | D:12     | Killed a two-headed ogre
  9620 | D:12     | Noticed Urug
  9628 | D:12     | Killed Urug
  9629 | D:12     | Reached XP level 12. HP: 75/111 MP: 11/11
  9765 | D:12     | Reached skill level 11 in Unarmed Combat
  9780 | D:12     | Noticed a two-headed ogre
  9791 | D:12     | Killed a two-headed ogre
  9967 | D:13     | Noticed a boulder beetle
  9997 | D:13     | Killed a boulder beetle
 10078 | D:13     | Noticed a catoblepas
 10101 | D:13     | Killed a catoblepas
 10124 | D:13     | Noticed a centaur warrior
 10131 | D:13     | Killed a centaur warrior
 10173 | D:13     | Noticed Rupert
 10175 | D:13     | Reached skill level 10 in Fighting
 10197 | D:13     | Paralysed by Rupert for 3 turns
 10205 | D:13     | Killed Rupert
 10332 | D:13     | Found Hiaqaw's Antique Weapon Boutique.
 10447 | D:13     | Noticed a boulder beetle
 10475 | D:13     | Killed a boulder beetle
 10511 | D:13     | Noticed a centaur warrior
 10515 | D:13     | Noticed a six-headed hydra
 10573 | D:13     | Killed an eight-headed hydra
 10573 | D:13     | Killed a centaur warrior
 10574 | D:13     | Reached skill level 12 in Unarmed Combat
 10968 | D:14     | Noticed a five-headed hydra
 11228 | D:14     | Noticed a vault guard
 11236 | D:14     | Killed a vault guard
 11237 | D:14     | Reached XP level 13. HP: 65/65 MP: 1/12
 11541 | D:15     | Entered Level 15 of the Dungeon
 11694 | D:15     | Noticed Roxanne
 12278 | D:15     | Found a staircase to the Depths.
 12278 | D:15     | Noticed a stone giant
 12289 | D:15     | Killed a stone giant
 13133 | D:15     | Identified the +3 long sword "Killer Klown's Bane" {heavy,
                  | *Noise Str+4 Stlth+}
 13596 | D:14     | Reached skill level 13 in Unarmed Combat
 13670 | D:14     | Found a gate to the Vaults.
 14630 | D:11     | Found a shadowy altar of Dithmenos.
 15073 | Lair:1   | Entered Level 1 of the Lair of Beasts
 15215 | Lair:1   | Reached XP level 14. HP: 115/133 MP: 13/13
 15296 | Lair:1   | Found a gate leading to a gauntlet.
 15322 | Gauntlet | Entered a Gauntlet
 15322 | Gauntlet | Found a transporter.
 15334 | Gauntlet | Found a transporter.
 15335 | Gauntlet | Found a transporter.
 15339 | Gauntlet | Found a transporter.
 15344 | Gauntlet | Found a transporter.
 15346 | Gauntlet | Found a transporter.
 15347 | Gauntlet | Found a transporter.
 15355 | Gauntlet | Found a transporter.
 15358 | Gauntlet | Found a transporter.
 15359 | Gauntlet | Found a transporter.
 15364 | Gauntlet | Noticed a reaper
 15367 | Gauntlet | Found a transporter.
 15370 | Gauntlet | Found a transporter.
 15371 | Gauntlet | Found a transporter.
 15379 | Gauntlet | Found a transporter.
 15761 | Gauntlet | Gained mutation: You are clumsy. (Dex -2) [a shining eye]
 15926 | Gauntlet | Killed a reaper
 16094 | Gauntlet | Identified the +10 falchion "Beetleslayer" {heavy, ^Drain
                  | rPois rF+ Dex+2}
 17330 | Lair:2   | Reached skill level 5 in Stealth
 17397 | Lair:2   | Reached skill level 14 in Unarmed Combat
 18013 | Lair:3   | Noticed Nergalle
 18025 | Lair:3   | Killed Nergalle
 18228 | Lair:3   | Found a staircase to the Swamp.
 18298 | Lair:3   | Noticed Snorg
 18314 | Lair:3   | Killed Snorg
 18559 | Lair:3   | Found a staircase to the Snake Pit.
 18993 | Lair:4   | Found a staircase to the Slime Pits.
 19627 | Lair:4   | Found a runed translucent door.
 19936 | Lair:5   | Entered Level 5 of the Lair of Beasts
 19956 | Lair:5   | Reached XP level 15. HP: 101/101 MP: 7/14
 20434 | Lair:5   | Noticed Josephine
 20568 | Lair:5   | Reached skill level 15 in Unarmed Combat
 21107 | Lair:5   | Killed Josephine
 21960 | Orc:1    | Entered Level 1 of the Orcish Mines
 22218 | Orc:2    | Entered Level 2 of the Orcish Mines
 22219 | Orc:2    | Noticed Azrael
 22229 | Orc:2    | Killed Azrael
 22328 | Orc:2    | Found a transporter.
 22337 | Orc:2    | Found a one-way gate to the infinite horrors of the Abyss.
 22344 | Orc:2    | Found a staircase to the Elven Halls.
 22369 | Orc:2    | Noticed Saint Roka
 22380 | Orc:2    | Noticed Jorgrun
 22420 | Orc:2    | Killed Jorgrun
 22423 | Orc:2    | Killed Saint Roka
 22427 | Orc:2    | Noticed Vadun's ghost (journeyman MiBe)
 22496 | Orc:2    | Found a transporter.
 23253 | Orc:2    | Found Tabbuc's Jewellery Emporium.
 23256 | Orc:2    | Found Acaryjal's Assorted Antiques.
 23257 | Orc:2    | Found Eneaqonk's Magic Scroll Emporium.
 23258 | Orc:2    | Found Hupuwosh's Jewellery Shoppe.
 23261 | Orc:2    | Bought a scroll of fear for 60 gold pieces
 23261 | Orc:2    | Bought a scroll of blinking for 112 gold pieces
 23262 | Orc:2    | Bought a potion of curing for 81 gold pieces
 23262 | Orc:2    | Bought a potion of might for 108 gold pieces
 23262 | Orc:2    | Bought a potion of curing for 81 gold pieces
 23629 | Orc:2    | Upgraded the game from 0.31.0-9-g3a7656b989 to
                  | 0.31.0-10-gcf4a605ca0
 24258 | Swamp:1  | Entered Level 1 of the Swamp
 24415 | Swamp:1  | Reached XP level 16. HP: 96/105 MP: 15/15
 25208 | Swamp:2  | Killed from afar by a will-o-the-wisp

Illustrated notes

Levels and vault maps discovered:
D:1:      psy_arrival_whirlpool, layout_basic, serial_shops, shop
D:2:      minmay_chambers_of_ones, layout_rooms,
          ebering_ecumenical_altar_petrified
D:3:      layout_basic, grunt_temple_overflow_cloverleaf,
          ebering_ghost_disaster_area
D:4:      layout_basic, overflow_temple_1_default,
          minmay_temple_entry_antechambers, serial_bayou, serial_bayou_ford_a,
          serial_bayou_shore_b, serial_bayou_shore_b, serial_bayou_pond_d,
          serial_bayou_lagoon_b
D:5:      layout_basic, lightli_sewer_entry_pipes, uniq_edmund, uniq_duvessa,
          uniq_grinder
D:6:      layout_basic, amcnicky_altar_gilded, nicolae_gozag_seed_capital,
          kennysheep_minor_cross, mrwooster_statue_mirror
D:7:      layout_cave_pools, enter_bailey_2, uniq_menkaure
D:8:      layout_rooms, nicolae_overflow_two_pavilions, uniq_maurice
D:9:      layout_cave_pools, erik_lair_island
D:10:     erik_rubicon_a, layout_long_grid, orc_0_dummy
D:11:     layout_cave_pools, nicolae_dithmenos_through_a_glass_darkly
D:12:     layout_loops_ring, uniq_urug
D:13:     layout_roguey, serial_shops, shop, einodemon_barbed_minivault,
          uniq_rupert
D:14:     layout_small_grid, erik_vaults_2, minmay_hedge_maze, special_room
          [special_room_orc]
D:15:     grunt_enter_depths_snipers, layout_irregular_city, grunt_decor_cap,
          uniq_roxanne
Temple:   nicolae_temple_figure_eight
Lair:1:   layout_hall_layers, gauntlet_entry_generic
Lair:2:   beast_lair_carwin_large_1, layout_layer_cave, serial_bayou_shore_b
Lair:3:   layout_loops_ring, skrybe_swamp_entry_bodies,
          alex1729_snake_entry_snake, columned_hall_lemuel, uniq_nergalle,
          uniq_snorg
Lair:4:   layout_cave_shapes, nicolae_slime_entry_slimehenge,
          pdpol_lair_cabin_in_the_woods, lemuel_fruit_tree
Lair:5:   guppyfry_lair_end_dragon, layout_regular_city,
          hangedman_lair_tendril_chambers, uniq_josephine
Swamp:1:  layout_falls_marsh, evilmike_swamp_ruin_house_5
Swamp:2:  layout_basic_swamp, nicolae_swamp_little_swirl
Orc:1:    layout_diamond_mine
Orc:2:    st_orc_pillars, layout_caves, gammafunk_ghost_abyssal_escape,
          basic_altar, uniq_azrael, uniq_jorgrun, uniq_saint_roka

Skill      XL: |  1  2  3  4  5  6  7  8  9 10 11 12 13 14 15 |
---------------+----------------------------------------------+-----
Shields        | 3 4 5 6 7 9 10 11 12 13 14 | 14.8
Fighting       | 3 4 5 6 8 9 10 11 12 13 | 13.9
Dodging        | 3 4 0 |  0.0
Unarmed Combat | 3 4 5 6 8 9 10 12 13 14 15 | 15.9
Stealth        | 1 2 3 4 5 6 |  6.3

Action                     |  1- 3 |  4- 6 |  7- 9 | 10-12 | 13-15 | 16-18 || total
---------------------------+-------+-------+-------+-------+-------+-------++-------
  Melee: Unarmed           |   102 |    85 |   354 |   580 |  1046 |    61 ||  2228
  Throw: Dart              |       |       |       |     7 |     4 |       ||    11
 Invoke: Sacrifice Love    |       |     1 |       |       |       |       ||     1
         Sacrifice Nimblen |       |       |     1 |       |       |       ||     1
         Draw Out Power    |       |       |       |     4 |       |       ||     4
         Sacrifice Health  |       |       |       |     1 |       |       ||     1
         Apocalypse        |       |       |       |     8 |    25 |     2 ||    35
         Power Leap        |       |       |       |     1 |     1 |       ||     2
         Sacrifice Durabil |       |       |       |     1 |       |       ||     1
  Evoke: Wand              |       |       |       |    12 |       |       ||    12
    Use: Potion            |     1 |     3 |     4 |     4 |     7 |       ||    19
         Scroll            |       |       |       |    10 |    14 |       ||    24
   Stab: Sleeping          |     2 |       |       |     3 |     8 |       ||    13
         Invisible         |       |       |       |     9 |     9 |       ||    18
         Paralysed         |       |       |       |     7 |    22 |       ||    29
         Distracted        |       |       |       |     3 |     3 |     1 ||     7
 Armour: Robe              |    29 |    25 |   162 |    99 |       |       ||   315
         Troll leather arm |       |       |       |   151 |   396 |    25 ||   572
  Dodge: Dodged            |    39 |    31 |   216 |   279 |   394 |    32 ||   991
  Block: Kite shield       |    44 |    29 |   185 |   280 |   693 |    66 ||  1297
         Tower shield      |       |       |       |       |     3 |       ||     3
         Reflection        |       |       |       |       |     7 |     3 ||    10
